 Dungeon Crawl Stone Soup version 0.28-a0-1080-g05a166d0ed (webtiles) character file.

Game seed: 1430433928020578240

6846 jasper the Fighter (level 10, -3/85 HPs)
             Began as a Mummy Cinder Acolyte on Dec 9, 2021.
             Was an Initiate of Ignis.
             Slain by a polar bear (4 damage)
             ... on level 1 of the Lair of Beasts.
             The game lasted 00:19:58 (10880 turns).

jasper the Fighter (Mummy Cinder Acolyte)          Turns: 10880, Time: 00:19:58

Health: -3/85      AC: 15    Str: 23    XL:     10   Next: 78%
Magic:  12/12      EV: 14    Int: 13    God:    Ignis [......]
Gold:   468        SH:  5    Dex: 13    Spells: 11/11 levels left

rFire   + . .      SeeInvis .   q - +2 rapier (elec)
rCold   + . .      Faith    .   m - +0 buckler
rNeg    + + +      Spirit   .   H - +4 scale mail {rF+}
rPois   ∞          Reflect  .   (no helmet)
rElec   .          Harm     .   B - +0 cloak
rCorr   .          Rampage  .   h - +0 pair of gloves
Will    +....                   (no boots)
Stlth   ..........              (no amulet)
HPRegen 0.24/turn               t - +4 ring of evasion
MPRegen 0.13/turn               r - +6 ring of dexterity

@: no status effects
A: cold resistance 1, negative energy resistance 3, torment resistance 2, heat
vulnerability 1, no potions
a: Renounce Religion, Rising Flame


You were on level 1 of the Lair of Beasts.
You worshipped Ignis.
Ignis was noncommittal.
You visited 2 branches of the dungeon, and saw 10 of its levels.

You collected 468 gold pieces.

Inventory:

Hand Weapons
 a - a -1 mace of flaming
 g - a +2 dagger of venom
 o - a +0 flail
 q - a +2 rapier of electrocution (weapon)
 u - a +0 whip of venom
 v - the +11 dagger "Saxzaqok" {vamp, Str+4 Int+6 Dex-5}
   (You found it on level 5 of the Dungeon)

   It occasionally heals its wielder for a portion of the damage dealt when it
   wounds a living foe.
   Str:       It affects your strength (+4).
   Int:       It affects your intelligence (+6).
   Dex:       It affects your dexterity (-5).
 w - a +0 whip of freezing
 D - a +0 whip
Missiles
 d - 38 sling bullets
 f - 297 stones
 i - 3 datura-tipped darts
 s - 6 javelins
 x - 3 boomerangs (quivered)
 E - 23 poisoned darts
Armour
 b - a +0 robe
 e - a +0 ring mail
 h - a +0 pair of gloves (worn)
 m - a +0 buckler (worn)
 A - +0 steam dragon scales
 B - a +0 cloak (worn)
 H - a +4 scale mail of fire resistance (worn)
Jewellery
 r - a +6 ring of dexterity (right hand)
 t - a +4 ring of evasion (left hand)
Wands
 l - a wand of digging (5)
 z - a wand of mindburst (15)
 C - a wand of iceblast (2)
 F - a wand of flame (14)
Scrolls
 c - 6 scrolls of teleportation
 j - 2 scrolls of immolation
 k - a scroll of enchant weapon
 n - 2 scrolls of holy word
 p - 7 scrolls of identify
 y - a scroll of fog
 G - a scroll of enchant armour
 I - a scroll of vulnerability {unknown}


   Skills:
 - Level 10.0 Fighting
 - Level 4.9 Maces & Flails
 + Level 9.8 Armour
 - Level 4.0 Shields
 - Level 1.3 Spellcasting
 - Level 2.4 Fire Magic


You had 11 spell levels left.
You didn't know any spells.
Your spell library contained the following spells:

 Spells                   Type           Power      Damage    Failure   Level
 Scorch                   Fire           14%        2d5       32%         2
 Freeze                   Ice            0%         1d3       50%         1
 Ignite Poison            Fire/Tmut/Pois 2%         N/A       77%         3
 Call Canine Familiar     Summ           0%         N/A       86%         3
 Frozen Ramparts          Ice            0%         1d2       86%         3
 Gell's Gravitas          Tloc           0%         N/A       86%         3
 Mephitic Cloud           Conj/Pois/Air  0%         N/A       86%         3
 Portal Projectile        Hex/Tloc       0%         N/A       86%         3
 Teleport Other           Tloc           0%         N/A       86%         3
 Flame Wave               Conj/Fire      4%         2d4       98%         4
 Hailstorm                Conj/Ice       0%         3d3       99%         4
 Leda's Liquefaction      Hex/Erth       0%         N/A       99%         4
 Freezing Cloud           Conj/Ice/Air   0%         6-21      100%        5
 Manifold Assault         Tloc           0%         N/A       100%        5
 Conjure Ball Lightning   Conj/Air       0%         3x3d6     100%        6
 Dispersal                Tloc           0%         N/A       100%        6
 Summon Cactus Giant      Summ           0%         N/A       100%        6
 Malign Gateway           Summ/Tloc      0%         N/A       100%        7


Dungeon Overview and Level Annotations

Branches:
Dungeon (9/15)             Temple (0/1) D:6            Lair (1/6) D:8
    Orc: D:9-12

Altars:
Cheibriados
Dithmenos
Elyvilon
Fedhas
Makhleb
Qazlal
Trog
Zin

Annotations:
D:5 3 runed translucent doors, axecop's ghost, weakling HuDe
D:8 Gastronok


Innate Abilities, Weirdness & Mutations

You are immune to poison.
Your flesh is cold resistant. (rC+)
You are immune to negative energy. (rN+++)
You are immune to unholy pain and torment.
You are vulnerable to heat. (rF-)
You do not drink.


Message History

The polar bear closely misses you. x2
You take 16 damage, and have 16/85 hp.
Found 14 gold pieces.
You hit the polar bear but do no damage.
Lightning courses through the polar bear!!
The polar bear is heavily wounded.
The polar bear bites you but does no damage.
The polar bear claws you but does no damage.
The polar bear misses you.
You closely miss the polar bear.
The polar bear is heavily wounded.
The polar bear bites you but does no damage.
The polar bear claws you but does no damage.
The polar bear closely misses you.
You hit the polar bear.
The polar bear is heavily wounded.
The polar bear closely misses you.
The polar bear claws you but does no damage. x2
You hit the polar bear.
The polar bear is heavily wounded.
You block the polar bear's attack.
The polar bear claws you but does no damage. x2
The polar bear bites you.
* * * LOW HITPOINT WARNING * * *
The polar bear claws you but does no damage. x2
You take 1 damage, and have 21/85 hp.
You barely miss the polar bear.
The polar bear is heavily wounded.
The polar bear barely misses you.
The polar bear claws you but does no damage.
You block the polar bear's attack.
You puncture the polar bear!
The polar bear is severely wounded.
The polar bear goes berserk!
You completely miss the polar bear.
The polar bear is severely wounded.
The polar bear bites you!!
* * * LOW HITPOINT WARNING * * *
The polar bear closely misses you. The polar bear claws you.
You die...

####....#..........## ####...#.
##..##..##......#...÷###.#...#..
#....#.##........#.....8....##..
###....##P....#P..##.......##...
.####...##....#....†#..>........
.................#######.##......
...#.#.........#h# #.#........ .
#..#.###.....#h# #.#...#P.## #.
#.. ##....#@# #.#...#### #. #..
##...#.# ..#...# # ..# #...#..
..#...# #.# #...#+#. .###...#
#.... .. . ....# $. ....# ... ###


You could see 2 polar bears.

Vanquished Creatures
  Erica (Lair:1)
  Pikel (D:6)
  A polar bear (Lair:1)
  A hornet (D:6)
  A wyvern (Lair:1)
  2 yaks
  2 steam dragons
  3 wargs
  2 water moccasins (Lair:1)
  Duvessa (D:4)
  An ice beast (D:5)
  2 orc warriors
  3 sky beasts
  3 black bears (Lair:1)
  2 necrophages
  3 centaurs
  3 ogres
  A phantom (D:6)
  5 bullfrogs
  5 scorpions
  A water moccasin zombie (D:6)
  Dowan (D:4)
  5 killer bees (D:8)
  4 wights (D:7)
  A howler monkey (D:4)
  5 centaur zombies
  2 gnoll shamans
  7 orc priests
  A centaur skeleton (D:6)
  6 hounds
  2 jellies
  Terence (D:1)
  2 iguanas
  9 orc wizards
  2 killer bee zombies
  A howler monkey zombie (D:4)
  12 gnolls
  A howler monkey skeleton (D:5)
  9 adders
  A shadow imp (D:8)
  3 white imps
  An ufetubus (D:4)
  A worm (D:4)
  3 dart slugs
  32 orcs
  5 endoplasms
  2 giant cockroaches
  6 goblins
  13 hobgoblins
  8 jackals
  7 quokkas
  8 ball pythons
  3 bats
  3 frilled lizards
  6 kobolds
  9 rats
226 creatures vanquished.

Vanquished Creatures (others)
  A bush (Lair:1)
  A butterfly (D:8)
  138 foxfires
  4 plants
144 creatures vanquished.

Grand Total: 370 creatures vanquished

Notes
Turn   | Place    | Note
-------+----------+-------------------------------------------
     0 | D:1      | jasper the Mummy Cinder Acolyte began the quest for the
                  | Orb.
     0 | D:1      | Reached XP level 1. HP: 18/18 MP: 2/2
   266 | D:1      | Reached XP level 2. HP: 24/24 MP: 4/4
   729 | D:2      | Noticed Terence
   943 | D:2      | Reached XP level 3. HP: 27/29 MP: 5/5
  1281 | D:2      | You fall into a shaft and drop 2 floors!
  1333 | D:4      | Reached XP level 4. HP: 37/37 MP: 6/6
  1349 | D:4      | Reached skill level 1 in Armour
  1530 | D:4      | Noticed a scorpion
  1530 | D:4      | Noticed an ogre
  1537 | D:4      | Killed an ogre
  1538 | D:4      | Reached skill level 4 in Fighting
  1538 | D:4      | Reached XP level 5. HP: 42/42 MP: 7/7
  1539 | D:4      | Reached XP level 6. HP: 49/49 MP: 8/8
  2996 | D:3      | Found a blossoming altar of Fedhas.
  3003 | D:3      | Found a burning altar of Makhleb.
  3134 | D:4      | Reached skill level 1 in Shields
  3424 | D:4      | Reached XP level 7. HP: 35/55 MP: 9/9
  3563 | D:4      | Found a shadowy altar of Dithmenos.
  3670 | D:4      | Found a snail-covered altar of Cheibriados.
  3860 | D:4      | Noticed Duvessa
  3862 | D:4      | Noticed Dowan
  3872 | D:4      | Killed Dowan
  3875 | D:4      | Killed Duvessa
  4392 | D:4      | Reached skill level 5 in Fighting
  4500 | D:5      | Entered Level 5 of the Dungeon
  4517 | D:5      | Got Uras's Tome of the Flying Voyage
  4563 | D:5      | Reached XP level 8. HP: 15/63 MP: 10/10
  5061 | D:5      | Found a runed translucent gate.
  5061 | D:5      | Found a runed translucent gate.
  5061 | D:5      | Found a runed translucent gate.
  5062 | D:5      | Noticed axecop's ghost (weakling HuDe)
  5184 | D:5      | Reached skill level 6 in Fighting
  5427 | D:5      | Found a bloodstained altar of Trog.
  5427 | D:5      | Identified the +11 dagger "Saxzaqok" {vamp, Str+4 Int+6
                  | Dex-5}
  5571 | D:6      | Noticed a hornet
  5580 | D:6      | Killed a hornet
  5833 | D:6      | Reached skill level 7 in Fighting
  5851 | D:6      | Reached skill level 5 in Armour
  5855 | D:6      | Noticed Pikel
  5857 | D:6      | Reached XP level 9. HP: 33/72 MP: 11/11
  5880 | D:6      | Killed Pikel
  6122 | D:6      | Reached skill level 8 in Fighting
  6331 | D:6      | Found a staircase to the Ecumenical Temple.
  7143 | D:7      | Reached skill level 9 in Fighting
  7837 | D:7      | Reached XP level 10. HP: 73/83 MP: 12/12
  8817 | D:8      | Found a staircase to the Lair.
  8973 | D:8      | Reached skill level 10 in Fighting
  9328 | D:8      | Found a stormy altar of Qazlal.
  9331 | D:8      | Noticed Gastronok
  9886 | D:1      | Killed Terence
 10089 | D:9      | Noticed a two-headed ogre
 10321 | Lair:1   | Entered Level 1 of the Lair of Beasts
 10432 | Lair:1   | Noticed Erica
 10462 | Lair:1   | Killed Erica
 10880 | Lair:1   | HP: 1/85 [polar bear (21)]
 10880 | Lair:1   | Slain by a polar bear

Illustrated notes

Levels and vault maps discovered:
D:1:      heliophobic_arrival_dark_side_of_the_moon, layout_basic
D:2:      layout_loops_corners, amcnicky_mini_rare_corridor_liquid, uniq_terence
D:3:      layout_basic, mainiacjoe_overflow_big_doors, serial_corexii_hall,
          corexii_hall_statues_i, corexii_hall_statues_x, minmay_vboxes
D:4:      layout_gridville, mainiacjoe_overflow_catwalk,
          cheibrodos_worm_habitat, uniq_duvessa
D:5:      layout_basic, lemuel_crystal_altar, gammafunk_ghost_split
D:6:      layout_rooms, mainiacjoe_overflow_paths, minmay_temple_entry_junction,
          kb_rosetta, uniq_pikel
D:7:      layout_rooms
D:8:      layout_basic, overflow_temple_1_default,
          nicolae_elyvilon_peaceful_grove, nicolae_qazlal_style_of_elements,
          erik_lair_orcish_takeover, serial_shops, shop, uniq_gastronok
D:9:      layout_stronghold
Lair:1:   beast_lair_carwin_large_2, layout_chaotic_city,
          grunt_forest_large_clearing_hut, grunt_megastairs_5,
          lemuel_fruit_fields, uniq_erica

Skill      XL: |  1  2  3  4  5  6  7  8  9 10 |
---------------+-------------------------------+-----
Maces & Flails | 3 4 |  4.9
Armour         | 1 2 3 5 7 9 |  9.8
Fighting       | 4 5 7 9 10 | 10.0
Shields        | 1 4 |  4.0
Spellcasting   | |  1.3
Fire Magic     | |  2.4

Action                   |  1- 3 |  4- 6 |  7- 9 | 10-12 || total
-------------------------+-------+-------+-------+-------++-------
Melee: Mace              |    13 |       |       |       ||    13
       Dagger            |    56 |   142 |    31 |    19 ||   248
       Rapier            |       |       |   336 |   239 ||   575
       Flail             |       |       |     5 |       ||     5
       Whip              |       |       |    33 |     9 ||    42
Throw: Stone             |    33 |       |     3 |       ||    36
       Boomerang         |       |       |    17 |     5 ||    22
Invok: Foxfire Swarm     |     2 |     3 |     4 |       ||     9
Evoke: Wand              |       |       |     2 |     1 ||     3
  Use: Scroll            |     3 |     1 |     4 |     2 ||    10
Armor: Ring mail         |    14 |    42 |    40 |       ||    96
       Scale mail        |       |       |   106 |   193 ||   299
Dodge: Dodged            |    31 |    71 |   241 |   285 ||   628
Block: Buckler           |       |     4 |    74 |    88 ||   166

Table legend: (Time is in decaauts)
 A = Elapsed time spent in this place.
 B = Non-inter-level travel time spent in this place.
 C = Inter-level travel time spent in this place.
 D = Time resting spent in this place.
 E = Time spent auto-exploring this place.
 F = Levels seen in this place.
 G = Mean time per level.
                   A        B        C        D        E       F      G
               +--------+--------+--------+--------+--------+-----+--------+
         Total |  11031 |  10473 |    558 |   3301 |   4811 |  10 | 1103.1 |
       Dungeon |  10457 |   9910 |    547 |   3130 |   4626 |   9 | 1161.9 |
          Lair |    574 |    563 |     11 |    171 |    185 |   1 |  574.0 |
               +--------+--------+--------+--------+--------+-----+--------+

Top non-repeatable levels by time:
     D:4: 1809 daAuts
     D:6: 1599 daAuts
     D:2: 1316 daAuts
     D:8: 1281 daAuts
     D:7: 1261 daAuts
     D:1: 1189 daAuts
     D:3: 1006 daAuts
     D:5: 871 daAuts
  Lair:1: 574 daAuts
     D:9: 120 daAuts
